 Dungeon Crawl Stone Soup version 0.30-b1-2-g02819fbbbe (webtiles) character file.

Game seed: 3187216978625074560

1122 mandor the Thaumaturge (level 8, -9/59 HPs)
             Began as a Djinni Warper on July 3, 2023.
             Mangled by an ice beast (13 damage)
             ... on level 6 of the Dungeon on July 17, 2023.
             The game lasted 00:32:41 (6961 turns).

mandor the Thaumaturge (Djinni Warper)              Turns: 6961, Time: 00:32:41

Health: -9/59      AC:  5    Str: 16    XL:     8   Next: 61%
Gold:   426        EV: 13    Int: 18    God:
                   SH:  0    Dex: 12

rFire   + +          .
                       - Unarmed
rCold   . . .        (no shield)
rNeg    . . .        g - +2 robe {Archmagi}
rPois   ∞            r - +0 helmet
rElec   .            (no cloak)
rCorr   .            (no gloves)
SInv    .            (boots unavailable)
Will    .....        (no amulet)
Stlth   +            k - ring of protection from cold
HPRegen 0.29/turn    f - +6 ring of strength
MPRegen 0.00/turn

%: archmagi, infuse magic (-10 HP)
@: flying, hasted, studying Spellcasting, very quick
A: sickness immunity, fire resistance 2, cold vulnerability 1, float, innate
caster, HP casting, extra vitality 1
a: no special abilities


You were on level 6 of the Dungeon.
You visited 1 branch of the dungeon, and saw 6 of its levels.

You collected 426 gold pieces.

Inventory:

Missiles
 c - 4 boomerangs of dispersal
 i - 3 boomerangs
 p - a throwing net
Armour
 g - a +2 robe of the Archmagi (worn)
 r - a +0 helmet (worn)
Jewellery
 b - a ring of resist corrosion
 f - a +6 ring of strength (right hand)
 k - a ring of protection from cold (left hand)
Wands
 a - a wand of iceblast (14)
 j - a wand of acid (8)
 w - a wand of charming (11)
Scrolls
 d - a scroll of fog
 n - a scroll of enchant weapon
 s - a scroll of magic mapping
 u - a scroll of enchant armour
Potions
 e - a potion of mutation {unknown}
 h - a potion of flight {unknown}
 l - a potion of ambrosia {unknown}
 m - a potion of lignification
 o - a potion of invisibility {unknown}
 q - a potion of degeneration {unknown}


   Skills:
 - Level 5.0 Fighting
 - Level 0.7 Throwing
 - Level 1.0 Armour
 - Level 5.0 Dodging
 - Level 2.0 Unarmed Combat
 + Level 8.0 Spellcasting


You knew the following spells:

 Your Spells              Type           Power      Damage    Failure   Level
a - Freeze                Ice            100%       1d10      1%          1
b - Poisonous Vapours     Pois/Air       100%       N/A       1%          2
c - Vhi's Electric Charg  Tloc/Air       100%       N/A       1%          3
d - Dazzling Flash        Conj/Hex       100%       N/A       1%          3
e - Manifold Assault      Tloc           53%        N/A       3%          4
f - Blink                 Tloc           100%       N/A       1%          2
x - Teleport Other        Tloc           53%        N/A       1%          3
z - Lesser Beckoning      Tloc           100%       N/A       1%          2
Your spell library was empty.

Dungeon Overview and Level Annotations

Branches:
Dungeon (6/15)             Temple (0/1) D:4

Altars:
Gozag
Okawaru
The Shining One

Shops:
D:1 (   D:6 (


Innate Abilities, Weirdness & Mutations

You are immune to sickness and miasma.
You are immune to poison.
Your flesh is very heat resistant. (rF++)
You are vulnerable to cold. (rC-)
You float through the air rather than walking.
You learn spells naturally, not from books.
Your magical power is your life essence.
You have superior vitality. (+4 MHP)


Message History

You hit the ice beast but do no damage.
The ice beast is moderately wounded.
The ice beast hits you but does no damage.
You hit the ice beast but do no damage.
The ice beast is moderately wounded.
The ice beast barely misses you.
You closely miss the ice beast.
The ice beast is moderately wounded.
You barely miss the ice beast.
The ice beast is moderately wounded.
The ice beast barely misses you.
You closely miss the ice beast.
The ice beast is moderately wounded.
The ice beast misses you.
You hit the ice beast but do no damage.
The ice beast is moderately wounded.
You barely miss the ice beast.
The ice beast is moderately wounded.
The ice beast closely misses you.
You hit the ice beast.
The ice beast is moderately wounded.
You hit the ice beast.
You punch the ice beast, but do no damage.
The ice beast is moderately wounded.
The ice beast hits you. The ice beast freezes you!
You barely miss the ice beast. Your punch misses the ice beast.
The ice beast is moderately wounded.
The ice beast hits you. The ice beast freezes you!
* * * LOW HITPOINT WARNING * * *
You barely miss the ice beast.
The ice beast is moderately wounded.
You closely miss the ice beast.
The ice beast is moderately wounded.
The ice beast hits you but does no damage.
You closely miss the ice beast.
The ice beast is moderately wounded.
The ice beast hits you.
* * * LOW HITPOINT WARNING * * *
The ice beast freezes you!
You die...

#.# ...#
######...#
#......#.#
#........#
#........#
#Y.......#
#.@....#
#......#
#..!.<.#
######...#
#..# ..#
.# .# .


You could see an ice beast.

Vanquished Creatures
  Sigmund (D:5)
  Edmund (D:5)
  A black bear (D:5)
  An ogre (D:4)
  A phantom (D:4)
  A scorpion (D:4)
  4 hounds
  A sleepcap (D:5)
  2 iguanas
  2 orc wizards (D:5)
  10 gnolls
  5 adders
  2 ufetubi (D:5)
  2 worms
  3 dart slugs (D:2)
  16 orcs
  6 bats
  6 endoplasms
  4 giant cockroaches
  7 goblins
  11 hobgoblins
  6 jackals
  3 quokkas
  11 ball pythons
  4 frilled lizards
  8 kobolds
  5 rats
124 creatures vanquished.

Notes
Turn   | Place    | Note
-------+----------+-------------------------------------------
     0 | D:1      | mandor the Djinni Warper began the quest for the Orb.
     0 | D:1      | mandor set off with the following spells memorised: Blink,
                  | Lesser Beckoning, Vhi's Electric Charge, Teleport Other,
                  | Manifold Assault.
     0 | D:1      | Reached XP level 1. HP: 18/18 MP: 0/0
   161 | D:1      | Reached XP level 2. HP: 16/23 MP: 0/0
   376 | D:1      | Found Ushruxupt's Antique Weapon Shop.
   748 | D:1      | Reached XP level 3. HP: 29/29 MP: 0/0
   748 | D:1      | Learned a level 1 spell: Freeze
  1160 | D:2      | Reached XP level 4. HP: 30/34 MP: 0/0
  1241 | D:2      | Found a glowing golden altar of the Shining One.
  1250 | D:2      | Found the +10 dark maul {heavy}
  1547 | D:2      | Reached skill level 3 in Spellcasting
  2186 | D:3      | Reached XP level 5. HP: 19/40 MP: 0/0
  2186 | D:3      | Learned a level 2 spell: Poisonous Vapours
  2349 | D:3      | Identified a scroll of acquirement
  2349 | D:3      | Acquired a manual of Spellcasting
  2459 | D:3      | Found an iron altar of Okawaru.
  2939 | D:4      | Reached XP level 6. HP: 23/46 MP: 0/0
  2948 | D:5      | Entered Level 5 of the Dungeon
  3120 | D:5      | Found an opulent altar of Gozag.
  3422 | D:5      | Reached skill level 4 in Spellcasting
  3814 | D:4      | Reached XP level 7. HP: 28/52 MP: 0/0
  3814 | D:4      | Learned a level 3 spell: Dazzling Flash
  4203 | D:4      | Reached skill level 5 in Dodging
  4588 | D:4      | HP: 2/53 [phantom (3)]
  4592 | D:4      | Reached skill level 5 in Fighting
  4592 | D:4      | Reached skill level 5 in Spellcasting
  4915 | D:4      | Found a staircase to the Ecumenical Temple.
  5711 | D:5      | Noticed Sigmund
  5712 | D:5      | Noticed Edmund
  5733 | D:5      | Killed Sigmund
  5734 | D:5      | Reached skill level 6 in Spellcasting
  5734 | D:5      | Reached XP level 8. HP: 59/59 MP: 0/0
  5755 | D:5      | Killed Edmund
  5756 | D:5      | Reached skill level 7 in Spellcasting
  6227 | D:5      | Reached skill level 8 in Spellcasting
  6702 | D:6      | Found Hatzemoi's Weapon Boutique.
  6961 | D:6      | Mangled by an ice beast

Illustrated notes

Levels and vault maps discovered:
D:1:      scummos_arrival_forest, layout_loops_ring, serial_shops, shop
D:2:      layout_rooms, basic_altar, minmay_joined_circles
D:3:      layout_basic, old_standard_altar, grunt_decor_one_mirror
D:4:      layout_cave_pods, minmay_temple_entry_large_hall
D:5:      layout_layer_cave, grunt_gozag_breadcrumbs, sigmund_edmund_badplayer
D:6:      layout_rooms, mainiacjoe_overflow_six_doors_small, serial_shops, shop,
          kennysheep_nub, minmay_door_square, uniq_blork_the_orc,
          uniq_prince_ribbit1

Skill      XL: |  1  2  3  4  5  6  7  8 |
---------------+-------------------------+-----
Dodging        | 3 4 5 |  5.0
Spellcasting   | 3 4 6 8 |  8.0
Fighting       | 3 4 5 |  5.0
Throwing       | |  0.7
Armour         | |  1.0
Unarmed Combat | |  2.0

Action                     |  1- 3 |  4- 6 |  7- 9 || total
---------------------------+-------+-------+-------++-------
  Melee: Unarmed           |    86 |    30 |   133 ||   249
         Punch             |       |       |     3 ||     3
  Throw: Boomerang         |     3 |       |       ||     3
   Cast: Freeze            |    27 |   116 |    45 ||   188
         Poisonous Vapours |       |    26 |    44 ||    70
         Lesser Beckoning  |       |     2 |       ||     2
         Blink             |       |     2 |     4 ||     6
         Vhi's Electric Ch |       |     1 |     4 ||     5
         Dazzling Flash    |       |       |     5 ||     5
  Evoke: Wand              |       |     2 |       ||     2
    Use: Scroll            |       |    17 |     2 ||    19
         Potion            |       |     4 |     4 ||     8
   Stab: Invisible         |       |       |     1 ||     1
 Armour: Leather armour    |    28 |    26 |    17 ||    71
         Skin              |       |    29 |       ||    29
         Robe              |       |       |    23 ||    23
  Dodge: Dodged            |    69 |   115 |   139 ||   323
